 Dungeon Crawl Stone Soup version 0.29-a0-330-g52719c12eb (webtiles) character file.

Game seed: 9568010136348035772

435 kae the Firebug (level 6, -4/45 HPs)
             Began as a Demigod Fire Elementalist on Apr 27, 2022.
             Slain by an iguana (11 damage)
             ... on level 4 of the Dungeon.
             The game lasted 00:03:41 (4632 turns).

kae the Firebug (Demigod Fire Elementalist)         Turns: 4632, Time: 00:03:41

Health: -4/45      AC:  2    Str:  9    XL:     6   Next: 40%
Magic:  14/14      EV: 12    Int: 25    God:
Gold:   155        SH:  0    Dex: 14    Spells: 9/12 levels left

rFire   . . .      SeeInvis .   e - staff of conjuration
rCold   . . .      Faith    .   (no shield)
rNeg    . . .      Spirit   .   a - +0 robe
rPois   .          Reflect  .   (no helmet)
rElec   .          Harm     .   (no cloak)
rCorr   .          Rampage  .   (no gloves)
Will    .....                   (no boots)
Stlth   ++........              (no amulet)
HPRegen 0.15/turn               (no ring)
MPRegen 0.14/turn               (no ring)

@: no status effects
A: high MP 1, forlorn, divine attributes
a: no special abilities


You were on level 4 of the Dungeon.
You visited 1 branch of the dungeon, and saw 4 of its levels.

You collected 155 gold pieces.

Inventory:

Hand Weapons
 n - a +4 trident
Armour
 a - a +0 robe (worn)
Magical Staves
 c - a staff of earth
 e - a staff of conjuration (weapon)
Wands
 q - a wand of iceblast (5)
Scrolls
 j - a scroll of identify
 o - 2 scrolls of magic mapping
 r - a scroll of teleportation
 s - a scroll of amnesia {unknown}
Potions
 b - 2 potions of magic
 d - a potion of lignification
 f - 2 potions of degeneration
 g - a potion of attraction
 h - a potion of brilliance
 i - a potion of heal wounds
 k - a potion of curing
 l - 2 potions of ambrosia
 m - a potion of haste
 p - a potion of mutation {unknown}


   Skills:
 - Level 1.7 Dodging
 - Level 1.7 Stealth
 + Level 3.7 Spellcasting
 + Level 3.6 Conjurations
 + Level 4.5 Fire Magic


You had 9 spell levels left.
You knew the following spells:

 Your Spells              Type           Power      Damage    Failure   Level
a - Foxfire               Conj/Fire      100%       2x1d9     1%          1
b - Scorch                Fire           54%        2d7       2%          2

Your spell library contained the following spells:

 Spells                   Type           Power      Damage    Failure   Level
 Conjure Flame            Conj/Fire      37%        6-21      5%          3
 Inner Flame              Hex/Fire       16%        N/A       11%         3
 Flame Wave               Conj/Fire      37%        2d9       17%         4
 Call Canine Familiar     Summ           4%         N/A       28%         3
 Portal Projectile        Hex/Tloc       8%         N/A       28%         3
 Leda's Liquefaction      Hex/Erth       2%         N/A       67%         4


Dungeon Overview and Level Annotations

Branches:
Dungeon (4/15)             Temple (0/1) D:4


Innate Abilities, Weirdness & Mutations

You have an increased reservoir of magic. (+10% MP)
You shall have no god before yourself.
Your divine heritage dramatically boosts your attributes as you level up.


Message History

The foxfire hits the iguana but does no damage.
The iguana is lightly wounded.
The foxfire hits the iguana but does no damage.
The iguana is lightly wounded.
The iguana misses you.
There are monsters nearby!
Okay, then.
Okay, then.
Okay, then.
The iguana attacks as you move away! The iguana bites you.
Casting: Foxfire (safe; 1% risk of failure)
Confirm with . or Enter, or press ? or * to list all spells.
You don't know that spell.
Aiming: Iceblast
Press: ? - help, Shift-Dir - straight line The mass of ice explodes!
The iceblast engulfs the iguana but does no damage.
The iguana is lightly wounded.
You feel a bit more experienced.
The iceblast engulfs the black bear!
The black bear is heavily wounded.
The iguana bites you! The iguana attacks as you move away!
The iguana bites you.
There is an open door here.
The iguana attacks as you move away! The iguana barely misses you.
Casting: Foxfire (safe; 1% risk of failure)
Confirm with . or Enter, or press ? or * to list all spells.
You don't know that spell.
Okay, then.
Okay, then.
The iguana attacks as you move away! The iguana bites you.
The iguana attacks as you move away! The iguana bites you.
The iguana attacks as you move away! The iguana bites you.
The iguana attacks as you move away! The iguana barely misses you.
The iguana attacks as you move away! The iguana misses you.
The iguana attacks as you move away! The iguana bites you!
The iguana attacks as you move away! The iguana bites you!
* * * LOW HITPOINT WARNING * * *
There is a staircase to the Ecumenical Temple here.
The iguana bites you!
You die...

###.##...............##.##...
#>...#............###.##...
##.#...............###.##... ###
#..#.##.##.#..##.#..##.##...
..####..#.......#.....#..##.# ...
..#(....#.##.#....##.....##.####
....###.#....#.##....##........#
..........##..[...##.............
..####..[....##.@....#..##...##..
..# #.....#.....l##.#..##...#
..#######..#.#.##..h.........#
.............#.....#.##.##...####
########..#....##..#.............
#..#.##.......##..########
#.......#.##......#
#..##...#....##...#
#.................#


You could see a black bear and an iguana.

Vanquished Creatures
  A black bear (D:4)
  A hound (D:4)
  A jelly (D:4)
  Terence (D:3)
  An iguana (D:4)
  2 orc wizards (D:3)
  Robin (D:3)
  9 adders
  A worm (D:2)
  A dart slug (D:2)
  9 orcs
  6 ball pythons
  8 bats
  6 endoplasms
  6 giant cockroaches
  10 goblins
  8 hobgoblins
  4 kobolds
  A quokka (D:3)
  4 frilled lizards
  6 rats
87 creatures vanquished.

Vanquished Creatures (others)
  346 foxfires
  A plant (D:2)
347 creatures vanquished.

Grand Total: 434 creatures vanquished

Notes
Turn   | Place    | Note
-------+----------+-------------------------------------------
     0 | D:1      | kae the Demigod Fire Elementalist began the quest for the
                  | Orb.
     0 | D:1      | Reached XP level 1. HP: 14/14 MP: 5/5
   115 | D:1      | Reached skill level 1 in Conjurations
   562 | D:1      | Reached XP level 2. HP: 20/20 MP: 4/7
   656 | D:1      | Reached skill level 3 in Fire Magic
  1096 | D:2      | Learned a level 2 spell: Scorch
  1383 | D:2      | Reached XP level 3. HP: 25/26 MP: 2/9
  2271 | D:2      | Reached XP level 4. HP: 33/33 MP: 6/10
  2348 | D:2      | Identified the +0 whip "Stringbean" {drain, rN+}
  2846 | D:3      | Reached XP level 5. HP: 38/38 MP: 9/12
  3040 | D:3      | Noticed Terence
  3049 | D:3      | Killed Terence
  3416 | D:3      | Reached skill level 4 in Fire Magic
  3499 | D:3      | Noticed Robin
  3501 | D:3      | Killed Robin
  4255 | D:4      | Noticed a black bear
  4261 | D:4      | Killed a black bear
  4262 | D:4      | Reached XP level 6. HP: 45/45 MP: 10/14
  4485 | D:4      | Found a staircase to the Ecumenical Temple.
  4632 | D:4      | Slain by an iguana

Illustrated notes

Levels and vault maps discovered:
D:1:      dpeg_arrival_brainrot, layout_loops_ring, serial_glass,
          glass_columns_a, glass_columns_a, nicolae_ecumenical_lake_church
D:2:      kennysheep_big_flooded_room, layout_basic, grunt_ministairs_2,
          chequers_big_river, amethyst_killhole, lemuel_old_faithful
D:3:      layout_loops_ring, uniq_terence, uniq_robin
D:4:      minmay_chambers_of_threes, layout_rooms, minmay_temple_entry_ruins

Skill      XL: |  1  2  3  4  5 |
---------------+----------------+-----
Conjurations   | 1 2 3 |  3.6
Spellcasting   | 2 3 |  3.7
Fire Magic     | 3 4 |  4.5
Dodging        | |  1.7
Stealth        | |  1.7

Action                   |  1- 3 |  4- 6 || total
-------------------------+-------+-------++-------
 Cast: Foxfire           |    91 |   106 ||   197
       Scorch            |       |     8 ||     8
Evoke: Wand              |       |     1 ||     1
  Use: Scroll            |     4 |     7 ||    11
Armor: Robe              |     6 |     5 ||    11
Dodge: Dodged            |    11 |    21 ||    32

Table legend: (Time is in decaauts)
 A = Elapsed time spent in this place.
 B = Non-inter-level travel time spent in this place.
 C = Inter-level travel time spent in this place.
 D = Time resting spent in this place.
 E = Time spent auto-exploring this place.
 F = Levels seen in this place.
 G = Mean time per level.
                   A        B        C        D        E       F      G
               +--------+--------+--------+--------+--------+-----+--------+
         Total |   4645 |   4594 |     51 |     92 |   3849 |   4 | 1161.2 |
       Dungeon |   4645 |   4594 |     51 |     92 |   3849 |   4 | 1161.2 |
               +--------+--------+--------+--------+--------+-----+--------+

Top non-repeatable levels by time:
     D:2: 1446 daAuts
     D:3: 1341 daAuts
     D:1: 1092 daAuts
     D:4: 764 daAuts
